 Dungeon Crawl Stone Soup version 0.27.1-1-g398f81649c (webtiles) character file.

Game seed: 10456007995325999826

85 Waffleater7 the Digger (level 4, -1/24 HPs)
             Began as a Gargoyle Earth Elementalist on Sept 16, 2021.
             Slain by judgestillwater's ghost (8 damage)
             ... on level 3 of the Dungeon.
             The game lasted 00:12:05 (2546 turns).

Waffleater7 the Digger (GrEE)                       Turns: 2546, Time: 00:12:06

Health: -1/24      AC:  6    Str: 12    XL:     4   Next: 48%
Magic:  6/8        EV: 12    Int: 16    God:
Gold:   108        SH:  0    Dex: 10    Spells: 6/8 levels left

rFire    . . .     SeeInvis .   l - +1 dagger (speed)
rCold    . . .     Faith    .   (no shield)
rNeg     + . .     Spirit   .   b - +0 robe
rPois    ∞         Reflect  .   f - +0 helmet
rElec    +         Harm     .   (no cloak)
rCorr    .         Rampage  .   (no gloves)
Will     .....                  (no boots)
Stlth    ++........             (no amulet)
HPRegen  0.08/turn              (no ring)
MPRegen  0.11/turn              (no ring)

@: studying Fighting
A: sickness immunity, AC +3, negative energy resistance 1, electricity
resistance, torment resistance 1, petrification resistance
a: no special abilities


You were on level 3 of the Dungeon.
You visited 1 branch of the dungeon, and saw 3 of its levels.

You collected 108 gold pieces.

Inventory:

Hand Weapons
 a - a +0 spear
 l - a +1 dagger of speed (weapon)
Missiles
 c - 3 stones
 m - 8 poisoned darts (quivered)
Armour
 b - a +0 robe (worn)
 f - a +0 helmet (worn)
Scrolls
 g - a scroll of magic mapping
 n - a scroll of vulnerability
Potions
 d - a potion of might {unknown}
 e - a potion of curing {unknown}
 h - 3 potions of heal wounds
 i - 2 potions of lignification {unknown}
 j - a potion of mutation {unknown}
 k - a potion of magic {unknown}
 o - a potion of haste {unknown}


   Skills:
 + Level 1.1 Short Blades
 + Level 2.1 Dodging
 + Level 2.4 Stealth
 + Level 2.8 Spellcasting
 + Level 0.1 Conjurations
 + Level 0.7 Transmutations
 + Level 4.6 Earth Magic


You had 6 spell levels left.
You knew the following spells:

 Your Spells              Type           Power      Damage    Failure   Level
a - Sandblast             Erth           34%        2d9       3%          1
b - Magic Dart            Conj           8%         1d3       19%         1

Your spell library contained the following spells:

 Spells                   Type           Power      Damage    Failure   Level
 Passwall                 Tmut/Erth      8%         N/A       10%         2
 Stone Arrow              Conj/Erth      18%        3d8       22%         3
 Call Imp                 Summ           2%         N/A       28%         2
 Mephitic Cloud           Conj/Pois/Air  2%         N/A       50%         3
 Petrify                  Tmut/Erth      10%        N/A       54%         4


Dungeon Overview and Level Annotations

Branches:
Dungeon (3/15)

Altars:
Xom

Shops:
D:1 !

Annotations:
D:3 judgestillwater's ghost, amateur MiBe


Innate Abilities, Weirdness & Mutations

You are immune to sickness and miasma.
Your stone body is resilient. (AC +3)
You are immune to poison.
You resist negative energy. (rN+)
You are resistant to electric shocks. (rElec)
You are resistant to unholy torment.
You are immune to petrification.


Message History

c - 7 stones
Casting: Sandblast (safe; 3% risk of failure)
Confirm with . or Enter, or press ? or * to list all spells.
Aiming: Sandblast (safe; 3% risk of failure)
Press: ? - help, Shift-Dir - straight line, f/p - judgestillwater's ghost
Aim: judgestillwater's ghost (lightly damaged, 79% to hit)
The blast of sand misses judgestillwater's ghost.
c - 6 stones Judgestillwater's ghost closely misses you.
Casting: Sandblast (safe; 3% risk of failure)
Confirm with . or Enter, or press ? or * to list all spells.
Aiming: Sandblast (safe; 3% risk of failure)
Press: ? - help, Shift-Dir - straight line, f/p - judgestillwater's ghost
Aim: judgestillwater's ghost (79% to hit)
The blast of sand hits judgestillwater's ghost but does no damage.
c - 5 stones Judgestillwater's ghost hits you but does no damage.
Casting: Sandblast (safe; 3% risk of failure)
Confirm with . or Enter, or press ? or * to list all spells.
Aiming: Sandblast (safe; 3% risk of failure)
Press: ? - help, Shift-Dir - straight line, f/p - judgestillwater's ghost
Aim: judgestillwater's ghost (79% to hit)
The blast of sand hits judgestillwater's ghost!
Judgestillwater's ghost is lightly damaged.
c - 4 stones Judgestillwater's ghost hits you.
Unknown command.
Casting: Sandblast (safe; 3% risk of failure)
Confirm with . or Enter, or press ? or * to list all spells.
Aiming: Sandblast (safe; 3% risk of failure)
Press: ? - help, Shift-Dir - straight line, f/p - judgestillwater's ghost
Aim: judgestillwater's ghost (lightly damaged, 79% to hit)
The blast of sand hits judgestillwater's ghost but does no damage.
Judgestillwater's ghost is lightly damaged.
c - 3 stones Judgestillwater's ghost closely misses you.
Judgestillwater's ghost hits you!
* * * LOW HITPOINT WARNING * * *
Judgestillwater's ghost hits you!
You die...

#.g###.# #h.# ... .....
#h.###.### .... #†...[.#
... #####h##.### ...
#....h..#.# #.# #
#.######.## # #.#.# #g#
# #.##.#.# #.# #..@...#
#.###### ####W###
...†)..# #.# '''###.#
#.# .....#.# #.#
.....#.# #.# #
...#.#.##########.##....
#.#..#................#
...#.#.########......##


You could see judgestillwater's ghost.

Vanquished Creatures
  2 adders (D:3)
  3 worms
  A dart slug (D:3)
  An orc (D:3)
  7 ball pythons
  3 endoplasms
  4 giant cockroaches
  9 goblins
  4 hobgoblins
  4 jackals (D:3)
  A quokka (D:2)
  5 bats
  2 frilled lizards
  2 kobolds
  7 rats
55 creatures vanquished.

Notes
Turn   | Place    | Note
-------+----------+-------------------------------------------
     0 | D:1      | Waffleater7 the Gargoyle Earth Elementalist began the quest
                  | for the Orb.
     0 | D:1      | Reached XP level 1. HP: 10/10 MP: 3/3
    62 | D:1      | Reached skill level 4 in Earth Magic
    99 | D:1      | Reached XP level 2. HP: 2/15 MP: 0/5
   341 | D:1      | You fall into a shaft and drop 1 floor!
   818 | D:1      | Found Lecs's Distillery.
   855 | D:1      | Reached XP level 3. HP: 19/19 MP: 4/6
   990 | D:1      | Found Voqujomy's Armour Shoppe.
  1081 | D:2      | Learned a level 1 spell: Magic Dart
  1746 | D:2      | Found a shimmering altar of Xom.
  1930 | D:3      | Found a faded altar of an unknown god.
  2170 | D:3      | Reached XP level 4. HP: 24/24 MP: 8/8
  2361 | D:3      | Noticed judgestillwater's ghost (amateur MiBe)
  2372 | D:3      | Found a runed translucent gate.
  2372 | D:3      | Found a runed translucent gate.
  2374 | D:3      | Found a runed translucent gate.
  2415 | D:3      | Reached skill level 1 in Short Blades
  2546 | D:3      | Slain by judgestillwater's ghost

Illustrated notes

Levels and vault maps discovered:
D:1:      minmay_arrival_split_and_join, layout_rooms, serial_shops,
          nicolae_shop_trees, shop
D:2:      layout_basic, basic_altar
D:3:      layout_loops_corners, hellmonk_ecumenical_altar_dog_temple,
          gammafunk_ghost_split, corexii_leaking_fountain, uniq_robin,
          uniq_crazy_yiuf_cottage, uniq_ijyb

Skill      XL: |  1  2  3  4 |
---------------+-------------+-----
Earth Magic    | 4 |  4.6
Dodging        | 2 |  2.1
Short Blades   | 1 |  1.1
Stealth        | |  2.4
Spellcasting   | |  2.8
Conjurations   | |  0.1
Transmutations | |  0.7

Action                   |  1- 3 |  4- 6 || total
-------------------------+-------+-------++-------
Melee: Spear             |    17 |       ||    17
       Dagger            |    80 |    43 ||   123
 Cast: Sandblast         |    43 |     5 ||    48
       Magic Dart        |    15 |       ||    15
  Use: Scroll            |     1 |     3 ||     4
Armor: Robe              |    38 |     9 ||    47
Dodge: Dodged            |    72 |    15 ||    87
